AAA
WINSTON-SALEM WARTHOGS @ JUAREZ GUERREROS
09/04/2059
 
TOP OF THE 1ST
Winston-Salem Warthogs batting - Pitching for Juarez Guerreros : RHP Giovanni Ivers
Pitching: RHP Giovanni Ivers
Batting: RHB Bryson Brinn 0-0: Ball
1-0: Ground out 5-3 (Groundball, 5, EV 83.8 MPH)
Batting: RHB Kyle Patri 0-0: Foul Ball, location: 2F
0-1: Foul Ball, location: 2F
0-2: Ball
1-2: Ball
2-2: Foul Ball, location: 2F
2-2: Foul Ball, location: 2F
2-2: Ball
3-2: Foul Ball, location: 2F
3-2: Fly out, F8 (Flyball, 8RD, EV 94.4 MPH)
Batting: LHB George Tijhuis 0-0: Called Strike
0-1: Ball
1-1: Called Strike
1-2: SINGLE (Line Drive, 7LS, EV 100.0 MPH)
Batting: LHB Sherman Primes 0-0: Called Strike
0-1: Ball
1-1: Foul Ball, location: 2F
1-2: Foul Ball, location: 2F
1-2: Foul Ball, location: 2F
1-2: Fielders Choice at 2nd, 5-4 (Groundball, 56, EV 81.2 MPH)
Top of the 1st over - 0 runs, 1 hit, 0 errors, 1 left on base; Winston-Salem 0 - Juarez 0
BOTTOM OF THE 1ST
Juarez Guerreros batting - Pitching for Winston-Salem Warthogs : RHP Clinton Cowan
Pitching: RHP Clinton Cowan
Batting: LHB Willis Neil 0-0: Ground out 4-3 (Groundball, 4, EV 104.4 MPH)
Batting: LHB Archibald Vasquez 0-0: Swinging Strike
0-1: SINGLE (Groundball, 34D, EV 96.2 MPH)
Batting: RHB Owen Grossman 0-0: Foul Ball, location: 2F
0-1: Foul Ball, location: 2F
0-2: Foul Ball, location: 2F
0-2: Strikes out swinging
Batting: LHB Evan Reney 0-0: Ball
1-0: Called Strike
1-1: Called Strike
1-2: Strikes out swinging
Bottom of the 1st over - 0 runs, 1 hit, 0 errors, 1 left on base; Winston-Salem 0 - Juarez 0
TOP OF THE 2ND
Winston-Salem Warthogs batting - Pitching for Juarez Guerreros : RHP Giovanni Ivers
Batting: LHB Lewis O'Connor 0-0: Foul Ball, location: 2F
0-1: Ball
1-1: Swinging Strike
1-2: Ground out U3 (Groundball, 3L, EV 97.5 MPH)
Batting: SHB Shaunte Panteleo 0-0: Called Strike
0-1: SINGLE (Groundball, 4D, EV 105.0 MPH)
Batting: RHB Devon Abrams 0-0: Foul Ball, location: 2F
0-1: Ball
1-1: Swinging Strike
1-2: Strikes out looking
Batting: RHB Allen Stoll 0-0: Swinging Strike
0-1: Foul Ball, location: 2F
0-2: Ground out U3 (Groundball, 3, EV 83.1 MPH)
Top of the 2nd over - 0 runs, 1 hit, 0 errors, 1 left on base; Winston-Salem 0 - Juarez 0
BOTTOM OF THE 2ND
Juarez Guerreros batting - Pitching for Winston-Salem Warthogs : RHP Clinton Cowan
Batting: LHB Ricky Stegall 0-0: Called Strike
0-1: Called Strike
0-2: Ball
1-2: Ball
2-2: Strikes out swinging
Batting: RHB Devon Keen 0-0: Ball
1-0: Swinging Strike
1-1: Foul Ball, location: 2F
1-2: Ball
2-2: Ball
3-2: Foul Ball, location: 2F
3-2: Foul Ball, location: 2F
3-2: Strikes out swinging
Batting: LHB Reed Horton 0-0: Called Strike
0-1: Ball
1-1: Ball
2-1: Ball
3-1: Called Strike
3-2: Strikes out swinging
Bottom of the 2nd over - 0 runs, 0 hits, 0 errors, 0 left on base; Winston-Salem 0 - Juarez 0
TOP OF THE 3RD
Winston-Salem Warthogs batting - Pitching for Juarez Guerreros : RHP Giovanni Ivers
Batting: RHB Casey Suggs 0-0: Called Strike
0-1: Foul Ball, location: 2F
0-2: Ball
1-2: Foul Ball, location: 2F
1-2: Ball
2-2: Strikes out swinging
Batting: RHB Bryson Brinn 0-0: Foul Ball, location: 2F
0-1: Ground out 5-3 (Groundball, 56S, EV 70.6 MPH)
Batting: RHB Kyle Patri 0-0: SOLO HOME RUN (Flyball, 7D, EV 108.1 MPH), Distance : 409 ft
Batting: LHB George Tijhuis 0-0: Ball
1-0: Ball
2-0: Foul Ball, location: 2F
2-1: Ball
3-1: Base on Balls
Batting: LHB Sherman Primes 0-0: Ball
1-0: Fielders Choice at 2nd, 6-4 (Groundball, 6, EV 82.5 MPH)
Top of the 3rd over - 1 run, 1 hit, 0 errors, 1 left on base; Winston-Salem 1 - Juarez 0
BOTTOM OF THE 3RD
Juarez Guerreros batting - Pitching for Winston-Salem Warthogs : RHP Clinton Cowan
Batting: SHB Damian Skinner 0-0: Called Strike
0-1: Swinging Strike
0-2: Ball
1-2: Strikes out looking
Batting: RHB J.T. Villagran 0-0: Fly out, F3 (Popup, 3SF, EV 69.4 MPH)
Batting: LHB Willis Neil 0-0: Swinging Strike
0-1: Ball
1-1: Foul Ball, location: 2F
1-2: Foul Ball, location: 2F
1-2: Ball
2-2: Strikes out swinging
Bottom of the 3rd over - 0 runs, 0 hits, 0 errors, 0 left on base; Winston-Salem 1 - Juarez 0
TOP OF THE 4TH
Winston-Salem Warthogs batting - Pitching for Juarez Guerreros : RHP Giovanni Ivers
Batting: LHB Lewis O'Connor 0-0: Ball
1-0: Fly out, F9 (Line Drive, 9, EV 94.4 MPH)
Batting: SHB Shaunte Panteleo 0-0: Ball
1-0: Ball
2-0: Ball
3-0: Called Strike
3-1: Base on Balls
Batting: RHB Devon Abrams 0-0: Called Strike
0-1: Ball
1-1: Ball
2-1: Ball
3-1: Foul Ball, location: 2F
3-2: Strikes out swinging
Batting: RHB Allen Stoll 0-0: Ball
1-0: Called Strike
1-1: Foul Ball, location: 2F
1-2: Ball
2-2: Strikes out swinging, 2-3 out at first.
Top of the 4th over - 0 runs, 0 hits, 0 errors, 1 left on base; Winston-Salem 1 - Juarez 0
BOTTOM OF THE 4TH
Juarez Guerreros batting - Pitching for Winston-Salem Warthogs : RHP Clinton Cowan
Batting: LHB Archibald Vasquez 0-0: Ball
1-0: Foul Ball, location: 2F
1-1: Swinging Strike
1-2: Ball
2-2: Ball
3-2: Strikes out swinging
Batting: RHB Owen Grossman 0-0: Ball
1-0: Ball
2-0: Called Strike
2-1: Foul Ball, location: 2F
2-2: Ball
3-2: Strikes out looking
Batting: LHB Evan Reney 0-0: Called Strike
0-1: Ball
1-1: Ball
2-1: Fly out, F7 (Flyball, 78M, EV 93.1 MPH)
Bottom of the 4th over - 0 runs, 0 hits, 0 errors, 0 left on base; Winston-Salem 1 - Juarez 0
TOP OF THE 5TH
Winston-Salem Warthogs batting - Pitching for Juarez Guerreros : RHP Giovanni Ivers
Batting: RHB Casey Suggs 0-0: Ball
1-0: Called Strike
1-1: Fly out, F7 (Flyball, 7, EV 91.9 MPH)
Batting: RHB Bryson Brinn 0-0: Swinging Strike
0-1: Ball
1-1: Foul Ball, location: 2F
1-2: Foul Ball, location: 2F
1-2: Ball
2-2: Strikes out swinging
Batting: RHB Kyle Patri 0-0: SINGLE (Groundball, 6MS, EV 72.5 MPH) (infield hit)
Batting: LHB George Tijhuis 0-0: Called Strike
0-1: Called Strike
0-2: Strikes out swinging
Top of the 5th over - 0 runs, 1 hit, 0 errors, 1 left on base; Winston-Salem 1 - Juarez 0
BOTTOM OF THE 5TH
Juarez Guerreros batting - Pitching for Winston-Salem Warthogs : RHP Clinton Cowan
Batting: LHB Ricky Stegall 0-0: Called Strike
0-1: Swinging Strike
0-2: Strikes out looking
Batting: RHB Devon Keen 0-0: Ball
1-0: Called Strike
1-1: Swinging Strike
1-2: Ball
2-2: Foul Ball, location: 2F
2-2: Strikes out swinging
Batting: LHB Reed Horton 0-0: Ball
1-0: Foul Ball, location: 2F
1-1: Foul Ball, location: 2F
1-2: Ball
2-2: Strikes out swinging, 2-3 out at first.
Bottom of the 5th over - 0 runs, 0 hits, 0 errors, 0 left on base; Winston-Salem 1 - Juarez 0
TOP OF THE 6TH
Winston-Salem Warthogs batting - Pitching for Juarez Guerreros : RHP Giovanni Ivers
Batting: LHB Sherman Primes 0-0: Called Strike
0-1: Foul Ball, location: 2F
0-2: Strikes out swinging
Batting: LHB Lewis O'Connor 0-0: Called Strike
0-1: Called Strike
0-2: Strikes out swinging
Batting: SHB Shaunte Panteleo 0-0: Fly out, F8 (Line Drive, 8LM, EV 102.5 MPH)
Top of the 6th over - 0 runs, 0 hits, 0 errors, 0 left on base; Winston-Salem 1 - Juarez 0
BOTTOM OF THE 6TH
Juarez Guerreros batting - Pitching for Winston-Salem Warthogs : RHP Clinton Cowan
Batting: SHB Damian Skinner 0-0: Ball
1-0: Foul Ball, location: 2F
1-1: Ground out 6-3 (Groundball, 6, EV 103.8 MPH)
Batting: RHB J.T. Villagran 0-0: Fly out, F7 (Flyball, 78M, EV 84.4 MPH)
Batting: LHB Willis Neil 0-0: Ball
1-0: Ball
2-0: Called Strike
2-1: Called Strike
2-2: Foul Ball, location: 2F
2-2: Ball
3-2: Foul Ball, location: 2F
3-2: Foul Ball, location: 2F
3-2: Strikes out swinging
Bottom of the 6th over - 0 runs, 0 hits, 0 errors, 0 left on base; Winston-Salem 1 - Juarez 0
TOP OF THE 7TH
Winston-Salem Warthogs batting - Pitching for Juarez Guerreros : RHP Giovanni Ivers
Batting: RHB Devon Abrams 0-0: Ball
1-0: Fly out, F9 (Flyball, 89S, EV 91.9 MPH)
Batting: RHB Allen Stoll 0-0: Ball
1-0: Called Strike
1-1: Ball
2-1: Foul Ball, location: 2F
2-2: Strikes out swinging
Batting: RHB Casey Suggs 0-0: Fly out, F8 (Flyball, 89M, EV 88.1 MPH)
Top of the 7th over - 0 runs, 0 hits, 0 errors, 0 left on base; Winston-Salem 1 - Juarez 0
BOTTOM OF THE 7TH
Juarez Guerreros batting - Pitching for Winston-Salem Warthogs : RHP Clinton Cowan
Batting: LHB Archibald Vasquez 0-0: Called Strike
0-1: Ball
1-1: Reached via error on a dropped throw from 1B, E1 (Groundball, 34, EV 100.6 MPH)
Batting: RHB Owen Grossman 0-0: Called Strike
0-1: DOUBLE (Line Drive, 3D, EV 99.4 MPH)
Archibald Vasquez to third
Batting: LHB Evan Reney 0-0: Ball
1-0: Ball
2-0: Ball
3-0: Called Strike
3-1: Swinging Strike
3-2: Foul Ball, location: 2F
3-2: Foul Ball, location: 2F
3-2: Foul Ball, location: 2F
3-2: Foul Ball, location: 2F
3-2: Base on Balls
Batting: LHB Ricky Stegall 0-0: Swinging Strike
0-1: Called Strike
0-2: Strikes out swinging
Batting: RHB Devon Keen 0-0: Foul Ball, location: 2F
0-1: Ball
1-1: Called Strike
1-2: Ball
2-2: SINGLE (Groundball, 6MD, EV 98.1 MPH)
Archibald Vasquez scores
Owen Grossman to third
Evan Reney to second
Runner from 3rd tries for Home, SAFE, throw by CF to home
Pitching: RHP Huck Christopher
Batting: LHB Reed Horton 0-0: Foul Ball, location: 2F
0-1: Ball
1-1: Foul Ball, location: 2F
1-2: Foul Ball, location: 2F
1-2: Ball
2-2: Foul Ball, location: 2F
2-2: Ball
3-2: Fly out, F8 (Flyball, 8RM, EV 77.5 MPH)
Batting: SHB Damian Skinner 0-0: Ball
1-0: Swinging Strike
1-1: Ball
2-1: Ball
3-1: Foul Ball, location: 2F
3-2: Strikes out looking
Bottom of the 7th over - 2 runs, 2 hits, 1 error, 2 left on base; Winston-Salem 1 - Juarez 2
TOP OF THE 8TH
Winston-Salem Warthogs batting - Pitching for Juarez Guerreros : RHP Giovanni Ivers
Pitching: LHP Davis Reis
Batting: RHB Bryson Brinn 0-0: Ball
1-0: Ball
2-0: Swinging Strike
2-1: Ball
3-1: Called Strike
3-2: SINGLE (Groundball, 56D, EV 103.1 MPH)
Batting: RHB Kyle Patri 0-0: Ball
1-0: SINGLE (Line Drive, 6MD, EV 101.2 MPH)
Bryson Brinn to second
Batting: LHB George Tijhuis 0-0: Foul Ball, location: 2F
0-1: Called Strike
0-2: Ball
1-2: Ball
2-2: Foul Ball, location: 2F
2-2: Foul Ball, location: 2F
2-2: Fly out, F8 (Flyball, 8LXD, EV 98.1 MPH)
Runner from 2nd tags up, SAFE at 3rd, no throw by CF
Batting: LHB Sherman Primes 0-0: Called Strike
0-1: Foul Ball, location: 2F
0-2: Hit by Pitch
Kyle Patri to second
Batting: LHB Lewis O'Connor 0-0: Ball
1-0: Swinging Strike
1-1: Swinging Strike
1-2: Foul Ball, location: 2F
1-2: Strikes out swinging
Batting: SHB Shaunte Panteleo 0-0: Ball
1-0: Foul Ball, location: 2F
1-1: Foul Ball, location: 2F
1-2: Ball
2-2: Foul Ball, location: 2F
2-2: Strikes out swinging
Top of the 8th over - 0 runs, 2 hits, 0 errors, 3 left on base; Winston-Salem 1 - Juarez 2
BOTTOM OF THE 8TH
Juarez Guerreros batting - Pitching for Winston-Salem Warthogs : RHP Huck Christopher
Batting: RHB J.T. Villagran 0-0: Ball
1-0: Fly out, F9 (Flyball, 9LM, EV 91.9 MPH)
Batting: LHB Willis Neil 0-0: Ground out 6-3 (Groundball, 6S, EV 76.9 MPH)
Batting: LHB Archibald Vasquez 0-0: Ball
1-0: Ball
2-0: Ball
3-0: Base on Balls
Pitching: RHP Tigh Dobroski
Batting: RHB Owen Grossman 0-0: Ball
1-0: Ball
2-0: Ball
3-0: Base on Balls
Archibald Vasquez to second
Batting: LHB Evan Reney 0-0: Called Strike
0-1: Ball
1-1: Ball
2-1: Ball
3-1: Base on Balls
Archibald Vasquez to third
Owen Grossman to second
Batting: LHB Ricky Stegall 0-0: SINGLE (Flyball, 8LS, EV 91.2 MPH)
Archibald Vasquez scores
Owen Grossman to third
Evan Reney to second
Runner from 3rd tries for Home, SAFE, throw by CF to trailing runner, OUT at third! 8-3-5
Bottom of the 8th over - 2 runs, 1 hit, 0 errors, 1 left on base; Winston-Salem 1 - Juarez 4
TOP OF THE 9TH
Winston-Salem Warthogs batting - Pitching for Juarez Guerreros : LHP Davis Reis
Pitching: LHP Dalton Chadwick
Batting: RHB Devon Abrams 0-0: Foul Ball, location: 2F
0-1: Ground out 1-3 (Groundball, 13S, EV 67.5 MPH)
Batting: RHB Allen Stoll 0-0: Ball
1-0: Foul Ball, location: 2F
1-1: Foul Ball, location: 2F
1-2: Foul Ball, location: 2F
1-2: Fly out, F7 (Flyball, 78S, EV 87.5 MPH)
Batting: RHB Casey Suggs 0-0: Foul Ball, location: 2F
0-1: Hit by Pitch
Batting: RHB Bryson Brinn 0-0: Called Strike
0-1: Ball
1-1: Ground out 4-3 (Groundball, 13, EV 82.5 MPH)
Top of the 9th over - 0 runs, 0 hits, 0 errors, 1 left on base; Winston-Salem 1 - Juarez 4
Friday, March 29th , 2024 - OOTP Baseball 23.10 Build 110